 Dungeon Crawl Stone Soup version 0.23-a0-309-ge7838e6 (webtiles) character file.

11975 HoaS the Fighter (level 11, -2/77 HPs)
             Began as a Gargoyle Berserker on Oct 10, 2018.
             Was a High Priest of Trog.
             Killed from afar by a wretched star (16 damage)
             ... with an orb of energy
             ... on level 1 of the Abyss on Oct 11, 2018.
             The game lasted 00:41:19 (10141 turns).

HoaS the Fighter (Gargoyle Berserker)              Turns: 10141, Time: 00:41:20

Health: -2/77      AC: 33    Str: 23    XL:     11   Next: 86%
Magic:  11/11      EV:  7    Int:  9    God:    Trog [*****.]
Gold:   62         SH:  0    Dex:  9    Spells: 10/10 levels left

rFire    . . .     SeeInvis +     - Unarmed
rCold    . . .     Gourm    .   (no shield)
rNeg     + . .     Faith    .   l - +5 plate armour
rPois    ∞         Spirit   .   v - +2 helmet {SInv}
rElec    +         Reflect  .   t - +0 cloak
rCorr    .         Harm     .   A - +0 pair of gloves
MR       ++...     Rnd*Rage +   (no boots) Stlth ..........Rnd*Tele +
                                (no amulet)
HPRegen  0.22/turn              e - ring of protection from magic
MPRegen  0.12/turn              C - ring of protection from magic

@: no status effects
A: [berserk 2], [deterioration 2], negative energy resistance 1, [screaming 2],
electricity resistance, [teleportitis 2], unbreathing, petrification resistance,
rot immunity, [subdued magic 2], AC +8
a: Berserk, Trog's Hand, Brothers in Arms, Renounce Religion


You were on level 1 of the Abyss.
You worshipped Trog.
Trog was extremely pleased with you.
You were not hungry.

You visited 1 branch of the dungeon, and saw 11 of its levels.
You visited the Abyss 1 time.

You collected 656 gold pieces.
You spent 594 gold pieces at shops.

Inventory:

Armour
 l - a +5 plate armour (worn)
 t - a +0 cloak (worn)
 v - a +2 helmet of see invisible (worn)
 A - a +0 pair of gloves (worn)
Jewellery
 e - a ring of protection from magic (left hand)
 m - an uncursed ring of resist corrosion
 q - the ring "Memiutha" {Int+2 Dex+2}
   (You found it on level 7 of the Dungeon)

   [ring of dexterity]

   It affects your intelligence (+2).
   It affects your dexterity (+2).
 C - a ring of protection from magic (right hand)
Wands
 j - a wand of polymorph (14)
 s - a wand of paralysis (18)
 w - a wand of disintegration (17)
 y - a wand of flame (19)
Scrolls
 c - 4 scrolls of teleportation
 d - 2 scrolls of magic mapping
 k - 5 scrolls of remove curse
 n - 2 scrolls of fear
 r - a scroll of identify
Potions
 a - a potion of invisibility
 f - 4 potions of cancellation
 g - 3 potions of degeneration
 h - 2 potions of lignification
 i - 5 potions of heal wounds
 o - 4 potions of curing
 p - a potion of flight
 u - 2 potions of haste
 x - 2 potions of ambrosia
 z - a potion of might
 B - a potion of resistance {unknown}
Comestibles
 b - 20 rations


   Skills:
 * Level 12.9 Fighting
 + Level 9.4 Armour
 - Level 1.5 Dodging
 * Level 11.9 Unarmed Combat


You had 10 spell levels left.
You didn't know any spells.
Your spell library was empty.

Dungeon Overview and Level Annotations

Branches:
Dungeon (11/15)            Temple (0/1) D:5             Orc (0/2) D:9
   Lair: D:8-11

Altars:
Ashenzari
Dithmenos
Fedhas
Gozag
Hepliaklqana
Nemelex Xobeh
Okawaru
Qazlal
Ru
Wu Jian
Xom
Zin
The Shining One
Beogh

Shops:
D:7 *   D:11 !

Annotations:
D:11 Sonja


Innate Abilities, Weirdness & Mutations

You are resistant to torment.
Your stone body is resilient. (AC +8)
You are immune to poison.
You resist negative energy. (rN+)
You are resistant to electric shocks. (rElec)
You can survive without breathing.
You are immune to petrification.
You are immune to rotting.
[You often lose your temper in combat.]
[Your body often deteriorates upon taking damage.]
[You sometimes yell uncontrollably at your foes.]
[You are sometimes teleported next to monsters.]
[Your spells are easier to cast, but less powerful.]


Message History

You miss the orc sorcerer.
The orc sorcerer is heavily wounded.
The orc sorcerer hits you but does no damage.
The wretched star pulses with an eldritch light!
You feel weirdly uncertain.
You feel even more weirdly uncertain.
You feel yourself wasting away.
You feel your body start to fall apart.
You punch the orc sorcerer!
The orc sorcerer is almost dead.
The orc sorcerer casts a spell.
You punch the orc sorcerer!
You kill the orc sorcerer!
Trog accepts your kill.
Trog appreciates your killing of a magic user.
The ynoxinul disappears in a puff of smoke!
A wretched star is nearby!
You hit the wretched star.
The wretched star is lightly damaged.
The wretched star glows turbulently.
The orb of energy hits you!
You die...

# # .# ## # #.#
#### ..#...
..#.##...####.###
#... ...#.#......
#....#.....# #
.#§..@.##
###..*### #...#..
### ###.. .# ..
.. .


You could see a wretched star.

Vanquished Creatures
  3 two-headed ogres
  A thrashing horror (Abyss:1)
  The ghost of MisterFreud the Grappler, a novice TrMo of Cheibriados (D:7)
  An orc sorcerer (Abyss:1)
  A gargoyle (D:10)
  A hippogriff (D:8)
  13 yaks
  2 steam dragons (D:10)
  A hungry ghost (D:7)
  3 porcupines (D:11)
  6 orc warriors
  3 ice beasts
  6 ogres
  3 necrophages
  A sky beast (D:10)
  A phantom (D:7)
  5 centaurs
  2 crocodiles
  2 big kobolds
  6 bullfrogs
  A gnoll sergeant (D:10)
  A wyvern zombie (D:8)
  A scorpion (D:10)
  9 killer bees
  3 wights (D:10)
  5 crimson imps
  A centaur zombie (D:7)
  4 howler monkeys
  A bullfrog zombie (D:5)
  4 quasits (D:7)
  A gnoll shaman (D:8)
  4 hounds
  3 bullfrog skeletons
  A jelly (D:8)
  3 orc priests
  4 iguanas
  11 orc wizards
  7 worker ants
  2 killer bee zombies (D:7)
  A hound zombie (D:5)
  A worker ant zombie (D:7)
  15 adders
  11 gnolls
  A howler monkey skeleton (D:8)
  A shadow imp (D:5)
  An adder skeleton (D:8)
  3 worms
  5 dart slugs
  3 leopard geckos
  51 orcs
  3 ball pythons
  6 giant cockroaches
  9 hobgoblins
  6 jackals
  17 kobolds
  6 quokkas
  10 bats
  5 frilled lizards
  9 goblins
  A leopard gecko skeleton (D:6)
  5 rats
298 creatures vanquished.

Vanquished Creatures (others)
  A plant (D:8)
1 creature vanquished.

Grand Total: 299 creatures vanquished

Notes
Turn   | Place    | Note
-------+----------+-------------------------------------------
     0 | D:1      | HoaS the Gargoyle Berserker began the quest for the Orb.
     0 | D:1      | Reached XP level 1. HP: 14/14 MP: 1/1
    51 | D:1      | Reached XP level 2. HP: 17/19 MP: 2/2
   465 | D:1      | Reached XP level 3. HP: 24/24 MP: 3/3
   839 | D:1      | Reached skill level 4 in Fighting
   859 | D:1      | Reached ** piety under Trog
  1472 | D:2      | Reached XP level 4. HP: 25/29 MP: 4/4
  1884 | D:2      | Upgraded the game from 0.23-a0-307-gc3b755d to
                  | 0.23-a0-309-ge7838e6
  2274 | D:3      | Found an ornate altar of the Wu Jian Council.
  2274 | D:3      | Found a shadowy altar of Dithmenos.
  2344 | D:3      | Found an opulent altar of Gozag.
  2741 | D:3      | Reached XP level 5. HP: 33/34 MP: 5/5
  2948 | D:4      | Reached skill level 5 in Fighting
  2969 | D:4      | Found a sparkling altar of Nemelex Xobeh.
  2972 | D:4      | Noticed a centaur
  2991 | D:4      | Killed a centaur
  2991 | D:4      | Reached XP level 6. HP: 18/40 MP: 6/6
  3534 | D:5      | Entered Level 5 of the Dungeon
  3546 | D:5      | Reached skill level 5 in Unarmed Combat
  3751 | D:5      | Reached XP level 7. HP: 43/45 MP: 7/7
  3772 | D:5      | Reached *** piety under Trog
  3829 | D:5      | Reached skill level 6 in Fighting
  3850 | D:5      | Found a blossoming altar of Fedhas.
  4071 | D:5      | Found a glowing silver altar of Zin.
  4077 | D:5      | Found a staircase to the Ecumenical Temple.
  4595 | D:6      | Reached XP level 8. HP: 52/52 MP: 8/8
  4681 | D:6      | Reached skill level 7 in Fighting
  4721 | D:6      | Reached skill level 5 in Armour
  5286 | D:6      | Reached skill level 8 in Fighting
  5641 | D:7      | Found a transporter.
  5713 | D:7      | Received a gift from Trog
  5727 | D:7      | Found Uvvugaet's Assorted Antiques.
  5740 | D:7      | Bought a puce potion for 22 gold pieces
  5740 | D:7      | Bought a runed helmet for 187 gold pieces
  5740 | D:7      | Bought a scroll of teleportation for 75 gold pieces
  5740 | D:7      | Bought a bubbling orange potion for 22 gold pieces
  5898 | D:7      | Reached XP level 9. HP: 56/60 MP: 9/9
  5978 | D:7      | Noticed MisterFreud's ghost (novice TrMo)
  6050 | D:7      | Found a transporter.
  6233 | D:7      | Found a glowing golden altar of the Shining One.
  6265 | D:7      | Reached skill level 9 in Fighting
  6465 | D:8      | Found a shimmering altar of Xom.
  6465 | D:8      | Found a shimmering altar of Xom.
  6465 | D:8      | Found a shimmering altar of Xom.
  6467 | D:8      | Found a shimmering altar of Xom.
  6467 | D:8      | Found a shimmering altar of Xom.
  6467 | D:8      | Found a shimmering altar of Xom.
  6467 | D:8      | Found a shimmering altar of Xom.
  6478 | D:8      | Found a shattered altar of Ashenzari.
  6502 | D:8      | Found a sacrificial altar of Ru.
  6502 | D:8      | Found a stormy altar of Qazlal.
  6556 | D:8      | Reached **** piety under Trog
  6848 | D:8      | Reached skill level 10 in Fighting
  7141 | D:8      | Noticed an elephant
  7444 | D:7      | Killed MisterFreud's ghost
  7444 | D:7      | Reached XP level 10. HP: 43/68 MP: 10/10
  7459 | D:7      | Got the ring "Memiutha" {Dex+2}
  7461 | D:7      | Identified the ring "Memiutha" {Int+2 Dex+2} (You found it
                  | on level 7 of the Dungeon)
  7748 | D:9      | Reached skill level 10 in Unarmed Combat
  7929 | D:9      | Noticed a two-headed ogre
  7991 | D:8      | Reached skill level 11 in Fighting
  8004 | D:9      | Killed a two-headed ogre
  8384 | D:9      | Found a staircase to the Orcish Mines.
  8414 | D:9      | Reached ***** piety under Trog
  8564 | D:9      | Noticed a two-headed ogre
  8584 | D:9      | Killed a two-headed ogre
  8584 | D:9      | Reached XP level 11. HP: 58/76 MP: 11/11
  8850 | D:9      | Reached skill level 12 in Fighting
  9026 | D:9      | Found a hazy altar of Hepliaklqana.
  9026 | D:9      | Found an iron altar of Okawaru.
  9068 | D:9      | Found a runed door.
  9222 | D:9      | Found a roughly hewn altar of Beogh.
  9323 | D:10     | Entered Level 10 of the Dungeon
  9894 | D:11     | Found Pezaxas's Distillery.
  9900 | D:11     | Bought a potion of heal wounds for 80 gold pieces
  9900 | D:11     | Bought a potion of curing for 48 gold pieces
  9900 | D:11     | Bought a potion of haste for 160 gold pieces
  9914 | D:11     | Noticed a two-headed ogre
  9923 | D:11     | Killed a two-headed ogre
 10015 | D:11     | Noticed Sonja
 10060 | D:11     | Cast into level 1 of the Abyss (Sonja)
 10114 | Abyss:1  | Noticed a thrashing horror
 10128 | Abyss:1  | Noticed an orc sorcerer
 10129 | Abyss:1  | Noticed a wretched star
 10136 | Abyss:1  | Killed a thrashing horror
 10140 | Abyss:1  | Killed an orc sorcerer
 10141 | Abyss:1  | Killed from afar by a wretched star

Vault maps used:
D:1:      minmay_arrival_arboretum_small, eino_curves_02, minmay_misc_feat_tiny
D:2:      minmay_misc_feat_secret_circle
D:3:      nicolae_gozag_cash_rules_everything_around_me,
          gammafunk_temple_overflow_wave, minmay_goblin_outpost
D:4:      nemelex_xobeh_ov_fountains_minmay, first_ration
D:5:      kennysheep_mini, fedhas_altar_1, minmay_temple_entry_trees
D:6:      grunt_potential
D:7:      tso_oasis_becter, gammafunk_ghost_stat_death, serial_shops,
          nicolae_shop_crystal
D:8:      ashenzari_altar_1, gammafunk_temple_overflow_elements,
          blue_anna_alchemist, xom_shifter_show
D:9:      grunt_temple_overflow_open, david_orc_2, st_stairs_9,
          lightli_church_of_beogh
D:11:     minmay_lair_entry_grove, serial_shops, nicolae_shop_crystal,
          uniq_sonja

Skill      XL: |  1  2  3  4  5  6  7  8  9 10 11 |
---------------+----------------------------------+-----
Fighting       | 4 5 6 8 10 11 12 | 12.9
Armour         | 3 4 5 7 8 9 |  9.4
Unarmed Combat | 4 5 6 7 9 10 11 | 11.9
Dodging        | |  1.5

Action                   |  1- 3 |  4- 6 |  7- 9 | 10-12 || total
-------------------------+-------+-------+-------+-------++-------
Melee: Unarmed           |   146 |   234 |   618 |   534 ||  1532
       Punch             |     2 |     2 |    15 |    19 ||    38
Invok: Berserk           |       |     1 |     4 |     2 ||     7
       Trog's Hand       |       |       |     2 |     2 ||     4
  Use: Scroll            |     5 |     5 |    10 |     6 ||    26
  Eat: Chunk             |     2 |     8 |    18 |     7 ||    35
       Ration            |       |       |     1 |     1 ||     2
Armor: Animal skin       |    52 |       |       |       ||    52
       Leather armour    |    20 |       |       |       ||    20
       Chain mail        |     8 |    78 |       |       ||    86
       Plate armour      |       |   108 |   490 |   530 ||  1128
Dodge: Dodged            |   102 |    90 |   219 |   231 ||   642

Table legend:
 A = Non-vault XP
 B = Vault XP
 C = Vault XP percentage of total XP
 D = Non-vault monster count
 E = Vault monster count
 F = Vault count percentage of total count
                 A         B        C        D         E       F
            +---------+---------+-------+---------+---------+-------
      Total |   14677 |    2431 |  14.2 |     254 |      44 |  14.8
            +---------+---------+-------+---------+---------+-------
        D:1 |      51 |       0 |   0.0 |      27 |       0 |   0.0
        D:2 |      56 |       0 |   0.0 |      15 |       0 |   0.0
        D:3 |      83 |       7 |   7.8 |      19 |       4 |  17.4
        D:4 |     230 |       0 |   0.0 |      14 |       0 |   0.0
        D:5 |     601 |       0 |   0.0 |      18 |       0 |   0.0
        D:6 |     858 |     165 |  16.1 |      23 |       3 |  11.5
        D:7 |    1133 |     978 |  46.3 |      17 |       5 |  22.7
        D:8 |    1483 |     100 |   6.3 |      41 |       1 |   2.4
        D:9 |    4885 |     661 |  11.9 |      38 |      27 |  41.5
       D:10 |    2024 |       0 |   0.0 |      28 |       0 |   0.0
       D:11 |    1867 |     520 |  21.8 |      12 |       4 |  25.0
    Abyss:1 |    1406 |       0 |   0.0 |       2 |       0 |   0.0
            +---------+---------+-------+---------+---------+-------
